AoeStats
← Trotamundos

Pilgrims

507519119Analyzed
3v3 RM · 13d ago on Sep 18, 2026· 26m 28s· 6 players
Game mode
Random Map
Map size
Normal (6 player)
Population
200
Speed
Normal
Resources
Standard
Victory
Conquest
Starting age
Dark Age
Ending age
Imperial Age
RankedLock teamsTeams togetherTeam positionsShared explorationLock speedFull tech treeHidden civsTurbo modeCheats
Victory
Defeat
🇦🇹 Franks · Austria
1080
+13
🇷🇴 Berbers · Romania
1060
+13
🇦🇹 Italians · Austria
1060
+14
🇵🇪 Turks · Peru
1035
-14
🇨🇭 Vietnamese · Switzerland
1007
-13
🇺🇸 Persians · United States
996
-13
Ggryf
9:22 Loom
12:18 Feudal Age
17:33 Wheelbarrow
21:15 Castle Age
19:12 Double-Bit Axe
19:14 Horse Collar
20:49 Forging
20:45 Scale Barding Armor
22:17 Heavy Plow
22:48 Bow Saw
Trotamundos
15:24 Feudal Age
15:00 Loom
16:30 Double-Bit Axe
16:40 Gold Mining
17:24 Forging
23:08 Castle Age
22:41 Wheelbarrow
24:22 Medium Warships
25:52 Iron Casting
Penisface7'000'000
12:05 Feudal Age
13:00 Loom
17:41 Castle Age
16:32 Horse Collar
17:27 Double-Bit Axe
19:04 Bow Saw
21:45 Wheelbarrow
20:59 Town Watch
Witzke
6:59 Loom
9:31 Feudal Age
11:15 Double-Bit Axe
13:46 Forging
15:21 Wheelbarrow
18:22 Castle Age
18:45 Fishing Lines
18:59 Town Watch
19:27 Medium Warships
21:15 Iron Casting
22:53 Bow Saw
24:40 Fletching
26:32 Bodkin Arrow
Tocay
8:09 Loom
12:27 Feudal Age
14:13 Double-Bit Axe
16:32 Wheelbarrow
16:38 Wheelbarrow
19:52 Castle Age
17:54 Fishing Lines
18:38 Scale Barding Armor
20:55 Gold Mining
21:20 Bow Saw
24:52 Chain Barding Armor
24:43 Forging
26:31 Husbandry
Balthasar
10:15 Feudal Age
13:51 Fishing Lines
15:56 Double-Bit Axe
23:49 Castle Age
23:04 Wheelbarrow
22:15 Loom
22:22 Gold Mining
22:26 Stone Mining
24:53 Medium Warships
Connection lost

Rejoining the realm…

Still unreachable

The connection could not be restored.

Session expired

The server has moved on; the page needs a fresh start.